 Dungeon Crawl Stone Soup version 0.29.1-2-gbd0b4ee654 (webtiles) character file.

Game seed: 13601175981361560199

132 Icepheonix32 the Trooper (level 4, -3/42 HPs)
             Began as a Minotaur Fighter on Oct 24, 2022.
             Slain by Natasha (5 damage)
             ... on level 2 of the Dungeon.
             The game lasted 00:03:09 (1827 turns).

Icepheonix32 the Trooper (Minotaur Fighter)         Turns: 1827, Time: 00:03:10

Health: -3/42      AC:  8    Str: 21    XL:     4   Next: 92%
Magic:  0/3        EV:  9    Int:  7    God:
Gold:   58         SH:  4    Dex:  9    Spells: 3/3 levels left

rFire   . . .      SeeInvis .   a - +0 war axe
rCold   . . .      Faith    .   c - +0 buckler
rNeg    . . .      Spirit   +   b - +1 scale mail
rPois   .          Reflect  .   (helmet restricted)
rElec   .          Harm     .   (no cloak)
rCorr   .          Rampage  .   (no gloves)
Will    .....                   (no boots)
Stlth   ..........              j - amulet of guardian spirit
HPRegen 0.14/turn               (no ring)
MPRegen 0.08/turn               (no ring)

@: mighty, slowed, very slow
A: horns 2, retaliatory headbutt
a: no special abilities


You were on level 2 of the Dungeon.
You visited 1 branch of the dungeon, and saw 2 of its levels.

You collected 58 gold pieces.

Inventory:

Hand Weapons
 a - a +0 war axe (weapon)
Missiles
 f - 4 poisoned darts (quivered)
Armour
 b - a +1 scale mail (worn)
 c - a +0 buckler (worn)
 m - the +3 robe of the Scribe {+Inv rElec rF+ Str-2}
   (You found it on level 2 of the Dungeon)

   Str:       It affects your strength (-2).
   rF:        It protects you from fire.
   rElec:     It insulates you from electricity.
   +Inv:      It lets you turn invisible.
Magical Staves
 i - a staff of cold
Jewellery
 j - an amulet of guardian spirit (around neck)
Scrolls
 g - a scroll of butterflies {unknown}
Potions
 e - a potion of invisibility {unknown}
 h - a potion of cancellation {unknown}
 k - a potion of brilliance
 l - 2 potions of magic {unknown}
 n - a potion of curing {unknown}


   Skills:
 * Level 5.1 Fighting
 - Level 3.1 Axes
 + Level 4.7 Armour
 + Level 1.1 Dodging
 + Level 0.1 Stealth
 + Level 4.2 Shields


You had 3 spell levels left.
You didn't know any spells.
Your spell library contained the following spells:

 Spells                   Type           Power      Damage    Failure   Level
 Simulacrum               Ice/Necr       0%         N/A       100%        6
 Polar Vortex             Ice            0%         N/A       100%        9


Dungeon Overview and Level Annotations

Branches:
Dungeon (2/15)

Altars:

Shops:
D:2 =([(

Annotations:
D:2 Natasha


Innate Abilities, Weirdness & Mutations

You have a pair of horns on your head.
You reflexively headbutt those who attack you in melee.


Message History

* * * LOW HITPOINT WARNING * * *
You block the shadow imp's attack.
You are too injured to fight recklessly!
You are too injured to fight recklessly!
You are too injured to fight recklessly!
You are too injured to fight recklessly!
You are too injured to fight recklessly!
You are too injured to fight recklessly!
You are too injured to fight recklessly!
You are too injured to fight recklessly!
You are too injured to fight recklessly!
You are too injured to fight recklessly!
You are too injured to fight recklessly!
You are too injured to fight recklessly!
You are too injured to fight recklessly!
You are too injured to fight recklessly!
Unknown command.
You feel very mighty all of a sudden. Natasha barely misses you.
The shadow imp hits you but does no damage.
You closely miss Natasha. You slash the shadow imp!
You kill the shadow imp!
The shadow imp disappears in a puff of smoke!
Natasha claws you.
* * * LOW HITPOINT WARNING * * *
Natasha howls an incantation.
You feel disoriented. Natasha barely misses you.
You barely miss Natasha. Natasha closely misses you. Natasha barely misses you.
Unknown command.
You closely miss Natasha. Natasha claws you but does no damage.
Natasha claws you.
* * * LOW HITPOINT WARNING * * *
Natasha casts a spell at you. The magic dart hits you.
* * * LOW HITPOINT WARNING * * *
Unknown command.
You closely miss Natasha. Natasha claws you but does no damage.
Natasha claws you.
You die...

..###........# ..##.#
#.# # .## #...#....#
#.##.####### #.# # ##
#...#....#
#.##.......# #.### #
##..##...#
#.##.......# #.#..
####
#..####.###.##.......#
#.#.# ...#
##..........##.......#
#.#.# ....
##..................#
#...# ....
###.......#........#
#..## .###
####...@##.......#
#..## ...
####h##.#########.###
... ..##...........#..
.. ...############.###
....##..............
.###.##.####.........
.. #.##.#..#.........
.. ..##.#............
#.#............


You could see Natasha.

Vanquished Creatures
  Terence (D:2)
  Natasha (D:2)
  An adder (D:2)
  2 worms (D:2)
  3 dart slugs (D:2)
  2 ball pythons
  4 bats
  8 endoplasms
  3 giant cockroaches
  3 goblins
  3 hobgoblins
  8 jackals (D:1)
  2 quokkas
  5 frilled lizards
  3 kobolds
  7 rats (D:2)
56 creatures vanquished.

Notes
Turn   | Place    | Note
-------+----------+-------------------------------------------
     0 | D:1      | Icepheonix32 the Minotaur Fighter began the quest for the
                  | Orb.
     0 | D:1      | Reached XP level 1. HP: 19/19 MP: 0/0
   275 | D:1      | Reached skill level 4 in Fighting
   275 | D:1      | Reached XP level 2. HP: 24/27 MP: 1/1
   291 | D:1      | Found a faded altar of an unknown god.
   484 | D:1      | Reached XP level 3. HP: 32/33 MP: 2/2
   822 | D:2      | Got the Atlas of the Chill
   844 | D:2      | Found Urunatz's Weapon Shoppe.
   934 | D:2      | Found Kujal's Jewellery Boutique.
   935 | D:2      | Noticed Terence
   940 | D:2      | Killed Terence
  1031 | D:2      | Reached XP level 4. HP: 41/41 MP: 3/3
  1166 | D:2      | Identified the +3 robe of the Scribe {+Inv rElec rF+ Str-2}
  1265 | D:2      | Found Marewaumas's Antique Armour Shop.
  1438 | D:2      | Reached skill level 5 in Fighting
  1609 | D:2      | Found Zetun's Weapon Emporium.
  1613 | D:2      | Noticed Natasha
  1622 | D:2      | Killed Natasha
  1623 | D:2      | Reached skill level 1 in Dodging
  1817 | D:2      | Noticed Natasha
  1826 | D:2      | HP: 2/42 [Natasha/magic dart (4)]
  1827 | D:2      | Slain by Natasha

Illustrated notes

Levels and vault maps discovered:
D:1:      minmay_arrival_checkered_box, layout_basic,
          shapermc_ecumenical_altar_acropolis, kennysheep_doodads
D:2:      minmay_recursive_quarters, layout_basic, serial_shops,
          nicolae_shop_crystal, nicolae_shop_bloodbath_and_beyond, shop,
          nicolae_diamond_shop, uniq_terence, uniq_natasha

Skill      XL: |  1  2  3  4 |
---------------+-------------+-----
Fighting       | 4 5 |  5.1
Shields        | 4 |  4.2
Axes           | 3 |  3.1
Armour         | 4 |  4.7
Dodging        | 1 |  1.1
Stealth        | |  0.1

Action                   |  1- 3 |  4- 6 || total
-------------------------+-------+-------++-------
Melee: War axe           |    45 |    42 ||    87
       Headbutt          |     5 |     5 ||    10
  Use: Scroll            |     4 |       ||     4
       Potion            |       |     1 ||     1
Armor: Scale mail        |    28 |    22 ||    50
Dodge: Dodged            |    34 |    23 ||    57
Block: Buckler           |    14 |     7 ||    21
